 Dungeon Crawl Stone Soup version 0.29.1-15-g9cfb28693d (webtiles) character file.

Game seed: 3060654207906243357

14 protoss039 the Digger (level 2, 21/21 HPs)
             Began as a Demonspawn Earth Elementalist on Mar 12, 2023.
             Got out of the dungeon alive.
             The game lasted 00:00:29 (400 turns).

protoss039 the Digger (DsEE)                         Turns: 400, Time: 00:00:29

Health: 21/21      AC:  2    Str:  8    XL:     2   Next: 31%
Magic:  2/5        EV: 12    Int: 16    God:
Gold:   0          SH:  0    Dex: 13    Spells: 4/5 levels left

rFire   . . .      SeeInvis .   (no weapon)
rCold   . . .      Faith    .   (no shield)
rNeg    . . .      Spirit   .   a - +0 robe
rPois   .          Reflect  .   (no helmet)
rElec   .          Harm     .   (no cloak)
rCorr   .          Rampage  .   (no gloves)
Will    .....                   (no boots)
Stlth   ++........              (no amulet)
HPRegen 0.07/turn               (no ring)
MPRegen 0.09/turn               (no ring)

@: no status effects
A: demonic guardian 1
a: no special abilities


You escaped.
You visited 1 branch of the dungeon, and saw 1 of its levels.

Inventory:

Armour
 a - a +0 robe (worn)
Scrolls
 c - 4 scrolls of identify {unknown}


   Skills:
 + Level 1.0 Fighting
 - Level 1.7 Dodging
 - Level 1.7 Stealth
 + Level 2.3 Spellcasting
 - Level 0.8 Transmutations
 + Level 3.0 Earth Magic


You had 4 spell levels left.
You knew the following spells:

 Your Spells              Type           Power      Damage    Failure   Level
a - Sandblast             Erth           22%        2d7       6%          1

Your spell library contained the following spells:

 Spells                   Type           Power      Damage    Failure   Level
 Passwall                 Tmut/Erth      6%         N/A       14%         2
 Stone Arrow              Conj/Erth      12%        3d7       32%         3
 Petrify                  Tmut/Erth      8%         N/A       65%         4


Dungeon Overview and Level Annotations

Branches:
Dungeon (1/15) Zot: 5596

Altars:

Shops:
D:1 :


Innate Abilities, Weirdness & Mutations

A weak demonic guardian rushes to your aid.


Message History

Casting: Sandblast (safe; 7% risk of failure)
Confirm with . or Enter, or press ? or * to list all spells.
Aiming: Sandblast (safe; 7% risk of failure)
Press: ? - help, Shift-Dir - straight line, f/p - endoplasm
Aim: an endoplasm (heavily wounded, 98% to hit)
The blast of sand hits the endoplasm.
You kill the endoplasm!
Unknown command.
You start resting.
Magic restored.
You start resting.
HP restored.
Unknown command.
A gnoll comes into view. It is wielding a +0 club.
A gnoll is nearby!
A gnoll is nearby!
Casting: Sandblast (safe; 6% risk of failure)
Confirm with . or Enter, or press ? or * to list all spells.
Aiming: Sandblast (safe; 6% risk of failure)
Press: ? - help, Shift-Dir - straight line, f - gnoll
Aim: a gnoll, wielding a +0 club (84% to hit)
The blast of sand hits the gnoll.
The gnoll is moderately wounded.
Unknown command.
Casting: Sandblast (safe; 6% risk of failure)
Confirm with . or Enter, or press ? or * to list all spells.
Aiming: Sandblast (safe; 6% risk of failure)
Press: ? - help, Shift-Dir - straight line, f/p - gnoll
Aim: a gnoll, wielding a +0 club (moderately wounded, 84% to hit)
The blast of sand hits the gnoll!
You kill the gnoll!
Your Fighting skill increases to level 1!
Your Earth Magic skill increases to level 3!
You have reached level 2!
Your demonic ancestry asserts itself...
You feel the presence of a demonic guardian.
You see here 4 poisoned darts.
There is a staircase leading out of the dungeon here.
Are you sure you want to leave the Dungeon?
This will make you lose the game!
You have escaped!

.....)..###..÷....÷...#
........# #...........#
........# #.8..8.8..8.#
........###...........#
#.⌠...⌠...#...........#
#...∩...#.#...........#
..⌠...⌠.###...........#
........###...........###
######..#.......@...(...#
##...#...........#.#
#####...........#.#
#...........#.#####
#...........##....#
#...........##....#
#.8..8.8..8.##....#
#...........##....#
#...(.......##)...#


There were no monsters in sight!

Vanquished Creatures
  A gnoll (D:1)
  2 ball pythons (D:1)
  2 endoplasms (D:1)
5 creatures vanquished.

Notes
Turn   | Place    | Note
-------+----------+-------------------------------------------
     0 | D:1      | protoss039 the Demonspawn Earth Elementalist began the
                  | quest for the Orb.
     0 | D:1      | Reached XP level 1. HP: 13/13 MP: 3/3
    13 | D:1      | Found Iheeniaxt's Vocational Training.
   388 | D:1      | Reached skill level 1 in Fighting
   388 | D:1      | Reached skill level 3 in Earth Magic
   388 | D:1      | Gained mutation: A weak demonic guardian rushes to your
                  | aid. [demonic ancestry]
   388 | D:1      | Reached XP level 2. HP: 21/21 MP: 1/5
   400 | D:$      | Got out of the dungeon alive.

Illustrated notes

Levels and vault maps discovered:
D:1:      giann_forest_graveyard, layout_rooms,
          ebering_ecumenical_altar_sacrificial, nicolae_shop_vocational

Skill      XL: |  1 |
---------------+----+-----
Fighting       | 1 |  1.0
Earth Magic    | 3 |  3.0
Dodging        | |  1.7
Stealth        | |  1.7
Spellcasting   | |  2.3
Transmutations | |  0.8

Action                   || total
-------------------------++-------
Melee: Unarmed           ||     1
 Cast: Sandblast         ||     8
  Use: Potion            ||     1
Dodge: Dodged            ||     9
